 Dungeon Crawl Stone Soup version 0.18.1-8-gdd0e5ea (webtiles) character file.

676 Scarto the Skirmisher (level 7, 0/55 HPs)
             Began as a Demonspawn Fighter on June 10, 2016.
             Succumbed to a gnoll sergeant's poison
             ... on level 5 of the Dungeon.
             The game lasted 00:07:17 (3562 turns).

Scarto the Skirmisher (Demonspawn Fighter)          Turns: 3562, Time: 00:07:18

Health: 0/55       AC: 14    Str: 17 (18) XL:     7   Next: 33%
Magic:  7/7        EV:  7    Int: 14 (15) God:
Gold:   201        SH:  9    Dex: 12 (15) Spells: 0 memorised, 6 levels left

rFire  + . .     SeeInvis .     a - +1 war axe
rCold  + . .     Gourm    .     b - +0 scale mail
rNeg   . . .     Faith    .     c - +0 shield
rPois  +         Spirit   .     (no helmet)
rElec  +         Dismiss  .     (no cloak)
rCorr  +         Reflect  .     n - +2 pair of gloves {Dex+3}
SustAt .         Harm     .     d - +1 pair of boots
MR     .....                    (no amulet)
Stlth  +.........               (no ring)
                                (no ring)

@: brilliant, lethally poisoned (0 -> -5), exhausted, resistant, slowed, very
slow, not resistant to hostile enchantments, very unstealthy
A: claws 2, thin metallic scales 1, nightstalker 1
a: no special abilities


You were on level 5 of the Dungeon.
You were very hungry.

You visited 1 branch of the dungeon, and saw 5 of its levels.

You collected 201 gold pieces.

Inventory:

Hand Weapons
 a - a +1 war axe (weapon)
Armour
 b - a +0 scale mail (worn)
 c - a +0 shield (worn)
 d - a +1 pair of boots (worn)
 n - a +2 pair of gloves of dexterity (worn)
Scrolls
 u - 2 scrolls of teleportation
Potions
 i - 2 potions of cancellation
 j - 3 potions of agility
 l - 3 potions of flight
 m - 2 potions of berserk rage
 p - a potion of resistance
Comestibles
 f - 3 bread rations
 g - 2 beef jerkies
 h - 3 meat rations
 k - a chunk of flesh


   Skills:
 + Level 4.6 Fighting
 + Level 4.1 Axes
 + Level 4.5 Armour
 + Level 4.6 Shields


You had 6 spell levels left.
You didn't know any spells.

Dungeon Overview and Level Annotations

Branches:
Dungeon (5/15)
 Temple: D:4-7

Altars:


Innate Abilities, Weirdness & Mutations

You have very sharp fingernails.
You are partially covered in thin metallic scales (AC +2).
You are slightly more attuned to the shadows.


Message History

* * * LOW HITPOINT WARNING * * *
You feel sick.
Drink which item? (? for menu, Esc to quit)
It was a potion of brilliance.
You feel clever all of a sudden.
* * * LOW HITPOINT WARNING * * *
You feel sick.
Drink which item? (? for menu, Esc to quit)
It was a potion of degeneration.
There was something very wrong with that liquid.
You feel weakened.
You feel dopey.
You feel clumsy.
* * * LOW HITPOINT WARNING * * *
You feel sick.
Drink which item? (? for menu, Esc to quit)
It was a potion of magic.
Magic courses through your body.
* * * LOW HITPOINT WARNING * * *
You feel sick.
Drink which item? (? for menu, Esc to quit)
You're too exhausted to go berserk.
You die...

#.## ##.# ##.###..# 5###
##..[#...... ยง..#
#.(.####### ### .#.#
#...# ... ##.#.# #...# .#
###.##..#.######...#.#.#
.......##)#.............#
#...))....@...........(
#.##)####..............
.......# ######...#.#.#.
#.#.##.# #...##.## # #.#
#...# ## ..# ...... ###
....#.


There were no monsters in sight!

Vanquished Creatures
  Eustachio (D:5)
  An ogre (D:4)
  A gnoll sergeant (D:5)
  A howler monkey (D:3)
  2 hounds (D:4)
  A centaur skeleton (D:5)
  Terence (D:3)
  2 worker ants
  A hound zombie (D:5)
  2 adders
  7 gnolls
  2 oozes (D:1)
  A worm (D:3)
  2 dart slugs (D:2)
  3 giant geckos
  5 orcs (D:4)
  A ball python (D:1)
  6 giant cockroaches
  3 goblins (D:1)
  7 hobgoblins
  8 jackals
  5 kobolds
  3 quokkas
  6 bats
  2 giant newts (D:1)
  8 rats
82 creatures vanquished.

Notes
Turn   | Place    | Note
--------------------------------------------------------------
     0 | D:1      | Scarto the Demonspawn Fighter began the quest for the Orb.
     0 | D:1      | Reached XP level 1. HP: 18/18 MP: 1/1
    69 | D:1      | Gained mutation: You are slightly more attuned to the shadows. [demonic ancestry]
    69 | D:1      | Reached XP level 2. HP: 22/24 MP: 2/2
   658 | D:1      | Reached XP level 3. HP: 26/29 MP: 3/3
  1776 | D:3      | Reached XP level 4. HP: 32/35 MP: 4/4
  2247 | D:3      | Noticed Terence
  2257 | D:3      | Killed Terence
  2409 | D:3      | Gained mutation: You have sharp fingernails. [demonic ancestry]
  2409 | D:3      | Reached XP level 5. HP: 40/41 MP: 5/5
  2428 | D:4      | Noticed an ogre
  2433 | D:4      | Killed an ogre
  2487 | D:4      | Gained mutation: You have very sharp fingernails. [demonic ancestry]
  2487 | D:4      | Reached XP level 6. HP: 45/48 MP: 6/6
  3370 | D:5      | Entered Level 5 of the Dungeon
  3434 | D:5      | Noticed Eustachio
  3467 | D:5      | Killed Eustachio
  3467 | D:5      | Gained mutation: You are partially covered in thin metallic scales (AC +2). [demonic ancestry]
  3467 | D:5      | Reached XP level 7. HP: 30/55 MP: 7/7
  3559 | D:5      | HP: 2/55 [poisoned by a gnoll sergeant]
  3562 | D:5      | Succumbed to a gnoll sergeant's poison

Skill      XL: |  1  2  3  4  5  6 |
---------------+-------------------+-----
Axes           | 2 3 4 |  4.1
Armour         | 3 4 |  4.5
Shields        | 3 4 |  4.6
Fighting       | 4 |  4.6

Action                   |  1- 3 |  4- 6 |  7- 9 || total
-------------------------+-------+-------+-------++-------
Melee: War axe           |   146 |   189 |    21 ||   356
  Use: Scroll            |     7 |     6 |       ||    13
       Potion            |       |     1 |     6 ||     7
  Eat: Bread ration      |     2 |       |       ||     2
Armor: Scale mail        |    64 |   125 |    10 ||   199
Dodge: Dodged            |    40 |    75 |     6 ||   121
Block: Shield            |    77 |   106 |    18 ||   201
